 Dungeon Crawl Stone Soup version 0.30.1-1-g62c8e00024 (webtiles) character file.

Game seed: 17445837590374631485

626416 zacktheperson the Merry Ant (level 27, -6/233 HPs)
             Began as a Formicid Hunter on July 11, 2023.
             Was the Champion of the Shining One.
             Killed by divine providence
             ... invoked by a royal mummy
              (15 damage)
             ... on level 1 of the Tomb of the Ancients on July 14, 2023.
             The game lasted 05:54:48 (69133 turns).

zacktheperson the Merry Ant (Formicid Hunter)      Turns: 69133, Time: 05:54:49

Health: -6/233     AC: 33    Str: 25    XL:     27
Magic:  14/14      EV: 25    Int: 17    God:    the Shining One [******]
Gold:   7277       SH: 49    Dex: 31    Spells: 26/26 levels left

rFire   + . .        Y - +12 triple crossbow of Arrival {antimagic, Int+4 Stlth+}
rCold   + + .        m - +5 tower shield of Winter {rF+ rN+}
rNeg    + + +        Z - +4 storm dragon scales {Bai Suzhen}
rPois   .            (helmet unavailable)
rElec   +            s - +0 cloak of the Shining Light {Dex+3}
rCorr   +            K - +1 pair of gloves of the Turtle {rC++ rN+ MP+9}
SInv    +            c - +2 pair of boots {Stlth+}
Will    ++...        y - amulet of reflection
Stlth   ++           N - ring "Tabboany" {rElec rCorr Str+3 Dex+3 Stlth-}
HPRegen 0.58/turn    i - +4 ring of slaying
MPRegen 0.14/turn

%: reflection, clarity
@: divinely shielded, glowing, studying Ice Magic
A: permanent stasis, dig shafts and tunnels, antennae 3, four strong arms,
clarity, clever 1, high MP 1, strong 1
}: 3/15 runes: decaying, serpentine, silver
a: Dig, Shaft Self, Renounce Religion, Divine Shield, Cleansing Flame, Summon
Divine Warrior, Brand Weapon With Holy Wrath


You were on level 1 of the Tomb of the Ancients.
You worshipped the Shining One.
The Shining One was exalted by your worship.
You visited 11 branches of the dungeon, and saw 47 of its levels.
You visited the Abyss 2 times.
You also visited: Ice Cave.

You collected 9749 gold pieces.
You spent 2472 gold pieces at shops.

Inventory:

Hand Weapons
 O - the +8 longbow "Zephyr" {speed, Dex+3 SInv}
   (You took it off a tengu warrior on level 2 of the Depths)

   Dex:       It affects your dexterity (+3).
   SInv:      It lets you see invisible.
 Y - the +12 triple crossbow of Arrival (weapon) {antimagic, Int+4 Stlth+}
   (Okawaru gifted it to you on level 1 of the Elven Halls)

   Int:       It affects your intelligence (+4).
   Stlth:     It makes you more stealthy.
Missiles
 H - a throwing net
 X - 17 boomerangs of dispersal
Armour
 c - a +2 pair of boots of stealth (worn)
 m - the +5 tower shield of Winter (worn) {rF+ rN+}
   (Okawaru gifted it to you on level 15 of the Dungeon)

   rF:        It protects you from fire.
   rN:        It protects you from negative energy.
 s - the +0 cloak of the Shining Light (worn) {Dex+3}
   (Okawaru gifted it to you on level 3 of the Lair of Beasts)

   Dex:       It affects your dexterity (+3).
 G - quicksilver dragon scales
 J - the +8 chain mail "Ipnum" {Rampage rF+ SInv}
   (Okawaru gifted it to you on level 3 of the Vaults)

   rF:        It protects you from fire.
   SInv:      It lets you see invisible.
   Rampage:   It bestows one free step when moving towards enemies.
 K - the +1 pair of gloves of the Turtle (worn) {rC++ rN+ MP+9}
   (Okawaru gifted it to you on level 14 of the Dungeon)

   rC:        It greatly protects you from cold.
   rN:        It protects you from negative energy.
   MP:        It affects your magic capacity (+9).
 Z - +4 storm dragon scales (worn) {Bai Suzhen}
Jewellery
 i - a +4 ring of slaying (right hand)
 y - an amulet of reflection (around neck)
 N - the ring "Tabboany" (left hand) {rElec rCorr Str+3 Dex+3 Stlth-}
   (You took it off an orc wizard on level 14 of the Dungeon)

   [ring of resist corrosion]

   Str:       It affects your strength (+3).
   Dex:       It affects your dexterity (+3).
   rElec:     It insulates you from electricity.
   rCorr:     It protects you from acid and corrosion.
   Stlth:     It makes you less stealthy.
 Q - a ring of willpower
 U - the ring of Woarahay {Fly rC++ Str+3}
   (You found it on level 3 of the Crypt)

   [ring of flight]

   Str:       It affects your strength (+3).
   rC:        It greatly protects you from cold.
   Fly:       It grants you flight.
Wands
 l - a wand of light (51)
 x - a wand of iceblast (45)
 A - a wand of polymorph (5)
 C - a wand of flame (139)
 F - a wand of mindburst (9)
 R - a wand of charming (6)
 V - a wand of digging (23)
Scrolls
 b - 14 scrolls of immolation
 d - 2 scrolls of brand weapon
 k - 9 scrolls of enchant weapon
 o - 12 scrolls of magic mapping
 q - 6 scrolls of enchant armour
 t - 31 scrolls of identify
 v - 9 scrolls of vulnerability
 w - 14 scrolls of fog
 B - 4 scrolls of amnesia
 E - 9 scrolls of silence
 P - 10 scrolls of poison
 W - 10 scrolls of fear
Potions
 e - a potion of heal wounds
 f - 15 potions of flight
 g - 8 potions of attraction
 h - 3 potions of resistance
 j - 11 potions of might
 n - 5 potions of ambrosia
 p - 2 potions of magic
 r - a potion of cancellation
 u - 3 potions of invisibility
 z - 24 potions of curing
 D - 10 potions of lignification
 I - 12 potions of brilliance
 L - 13 potions of mutation
Miscellaneous
 a - a lightning rod (4/4)
 S - a condenser vane
 T - a phial of floods


   Skills:
 + Level 22.6 Fighting
 O Level 27 Ranged Weapons
 + Level 22.3 Armour
 + Level 17.0 Dodging
 - Level 16.0 Stealth
 + Level 25.8 Shields
 - Level 11.0 Invocations


You had 26 spell levels left.
You didn't know any spells.
Your spell library contained the following spells:

 Spells                   Type           Power      Damage    Failure   Level
 Apportation              Tloc           0%         N/A       58%         1
 Beastly Appendage        Tmut           0%         N/A       58%         1
 Foxfire                  Conj/Fire      0%         2x1d4     58%         1
 Kiss of Death            Conj/Necr      0%         2d5       58%         1
 Necrotise                Necr           0%         1d4       58%         1
 Sting                    Tmut/Pois      0%         1d3       58%         1
 Summon Small Mammal      Summ           0%         N/A       58%         1
 Lesser Beckoning         Tloc           0%         N/A       73%         2
 Poisonous Vapours        Pois/Air       0%         N/A       73%         2
 Wereblood                Tmut           0%         N/A       73%         2
 Confusing Touch          Hex            0%         N/A       91%         3
 Gell's Gravitas          Tloc           0%         N/A       91%         3
 Hailstorm                Conj/Ice       0%         3d3       91%         3
 Ignite Poison            Fire/Tmut/Pois 0%         N/A       91%         3
 Ozocubu's Armour         Ice            0%         N/A       91%         3
 Spider Form              Tmut/Pois      0%         N/A       91%         3
 Stone Arrow              Conj/Erth      0%         3d7       91%         3
 Teleport Other           Tloc           0%         N/A       91%         3
 Volatile Blastmotes      Fire/Tloc      0%         2d10      91%         3
 Animate Dead             Necr           0%         N/A       100%        4
 Dispel Undead            Necr           0%         3d6       100%        4
 Fulminant Prism          Conj/Hex       0%         3d5       100%        4
 Ice Form                 Ice/Tmut       0%         N/A       100%        4
 Iskenderun's Mystic Bla  Conj/Tloc      0%         2d3       100%        4
 Leda's Liquefaction      Hex/Erth       0%         N/A       100%        4
 Manifold Assault         Tloc           0%         N/A       100%        4
 Olgreb's Toxic Radiance  Pois           0%         N/A       100%        4
 Sticky Flame             Conj/Fire      0%         2d3       100%        4
 Alistair's Intoxication  Tmut/Pois      0%         N/A       100%        5
 Arcjolt                  Conj/Air       0%         1d10      100%        5
 Blade Hands              Tmut           0%         N/A       100%        5
 Borgnjor's Vile Clutch   Necr/Erth      0%         N/A       100%        5
 Fireball                 Conj/Fire      0%         3d3       100%        5
 Irradiate                Conj/Tmut      0%         3d11      100%        5
 Iskenderun's Battlesphe  Conj           0%         2d6       100%        5
 Lee's Rapid Deconstruct  Erth           0%         3d4*      100%        5
 Summon Forest            Summ/Tloc      0%         N/A       100%        5
 Conjure Ball Lightning   Conj/Air       0%         3x3d6     100%        6
 Death Channel            Necr           0%         N/A       100%        6
 Eringya's Noxious Bog    Tmut/Pois      0%         N/A       100%        6
 Iron Shot                Conj/Erth      0%         9d1       100%        6
 Plasma Beam              Fire/Air       0%         2x1d11    100%        6
 Starburst                Conj/Fire      0%         6d3       100%        6
 Statue Form              Tmut/Erth      0%         N/A       100%        6
 Orb of Destruction       Conj           0%         9d5       100%        7
 Ozocubu's Refrigeration  Ice            0%         4d7       100%        7
 Spellforged Servitor     Conj/Summ      0%         N/A       100%        7
 Discord                  Hex            0%         N/A       100%        8
 Disjunction              Tloc           0%         N/A       100%        8
 Ignition                 Fire           0%         3d3       100%        8
 Infestation              Necr           0%         N/A       100%        8
 Lehudib's Crystal Spear  Conj/Erth      0%         10d2      100%        8
 Summon Horrible Things   Summ           0%         N/A       100%        8
 Chain Lightning          Conj/Air       0%         N/A       100%        9
 Fire Storm               Conj/Fire      0%         5d1       100%        9
 Shatter                  Erth           0%         3d5*      100%        9
 Vhi's Electric Charge    Tloc/Air       Unusable   N/A       N/A         3

Dungeon Overview and Level Annotations

Branches:
Dungeon (15/15)            Temple (1/1) D:4            Lair (5/5) D:8
  Swamp (4/4) Lair:2        Snake (4/4) Lair:3        Slime (0/5) Lair:4
    Orc (2/2) D:12            Elf (3/3) Orc:2        Vaults (5/5) D:14
  Crypt (3/3) Vaults:2       Tomb (1/3) Crypt:3      Depths (4/4) D:15
    Zot (0/5) Depths:4      IceCv (visited)

Altars:
Ashenzari
Cheibriados
Dithmenos
Elyvilon
Fedhas
Gozag
Hepliaklqana
Kikubaaqudgha
Makhleb
Nemelex Xobeh
Okawaru
Qazlal
Ru
Sif Muna
Trog
Uskayaw
Vehumet
Wu Jian
Xom
Yredelemnul
Zin
The Shining One
Jiyva

Shops:
D:4 (   D:6 (   D:7 =   D:9 ??[   D:15 [   Orc:2 :=(*[   Elf:1 ?   Elf:3 *[
Snake:1 ?*   Snake:4 !*   Vaults:3 !   Vaults:4 !!

Portals:
Hell: Depths:1 Depths:2 Depths:3 Depths:4
Abyss: Depths:3 Depths:4
Pandemonium: Depths:1 Depths:2
Ziggurat: Depths:4

Annotations:
Orc:1 2 transporters


Innate Abilities, Weirdness & Mutations

You cannot be hasted, slowed, berserked, paralysed or teleported.
You can dig through walls and to a lower floor.
You have a pair of large antennae on your head. (SInv)
Your four strong arms can wield two-handed weapons with a shield.
You possess an exceptional clarity of mind.
Your mind is acute. (Int +4, Str/Dex -1)
You have an increased reservoir of magic. (+10% MP)
Your muscles are strong. (Str +4, Int/Dex -1)


Message History

The emperor scorpion closely misses you.
Your Dodging skill increases to level 17!
You feel much better. You block the death scarab's attack.
The emperor scorpion misses you.
You block the emperor scorpion's attack.
The emperor scorpion closely misses you.
The death scarab barely misses you.
The emperor scorpion completely misses you.
You block the emperor scorpion's attack. x3
The emperor scorpion claws you but does no damage. x2
You block the emperor scorpion's attack.
The emperor scorpion claws you but does no damage.
You block the emperor scorpion's attack. x2
The emperor scorpion claws you but does no damage. x2
The royal mummy calls on the powers of darkness!
The emperor scorpion convulses!
Your body is wracked with pain!
* * * LOW HITPOINT WARNING * * *
The emperor scorpion convulses! x4; You block the royal mummy's attack.
Fire: Y) +12 triple crossbow of Arrival {antimagic, Int+4 Stlth+}
Press: ? - help, Q - select action, (/) - cycle Shift-Dir - straight line, f - royal mummy
Aim: a royal mummy (blue smoke, moderately damaged, haloed, 96% to hit)
You shoot a bolt. The bolt hits the royal mummy!
The royal mummy's magic leaks into the air.
The royal mummy is heavily damaged.
You block the death scarab's attack.
You block the emperor scorpion's attack.
The emperor scorpion misses you. The emperor scorpion barely misses you.
You block the emperor scorpion's attack.
The emperor scorpion completely misses you.
The emperor scorpion misses you. The emperor scorpion stings you.
* * * LOW HITPOINT WARNING * * *
You block the emperor scorpion's attack. x2
The emperor scorpion stings you but does no damage.
The emperor scorpion barely misses you. x2; The emperor scorpion stings you!
* * * LOW HITPOINT WARNING * * *
The emperor scorpion completely misses you.
The emperor scorpion closely misses you.
The royal mummy points at you and mumbles some strange words.
Something smites you!
You die...

#..8.....8..#
#...........#
#...........# {
#..8.....8..#
#...........#
#.†.§§§.....#
#.^8.....8..#
#...MMs.....#
#...s@s.§§..#
#..8ssB§.8..# {
#...........#
#...........#
§^.......)..M?.
#...............
#...............
{
#^..............
#............. {


You could see 2 royal mummies, 5 emperor scorpions, a death scarab (summoned)
and a mummy.

Vanquished Creatures
  4 dread liches
  2 juggernauts
  2 royal mummies (Tomb:1)
  The ghost of polpettosauro the Warrior, a veteran GrEE of Gozag (Depths:2)
  A caustic shrike (Depths:3)
  Bai Suzhen (Crypt:3)
  6 golden dragons
  Nikola (Elf:1)
  2 bone dragons
  The ghost of CrazyBamboolord the Black Sun, an adept DsNe of Kikubaaqudgha (Crypt:1)
  7 tentacled monstrosities
  A Hell Sentinel (Abyss:3)
  A walking crystal tome (Depths:3)
  8 liches
  4 deep elf blademasters
  15 titans
  Asterion (D:15)
  5 quicksilver dragons
  7 deep elf master archers
  4 ancient champions
  2 thorn hunters (Swamp:4)
  8 shadow dragons
  11 tentacled starspawn
  8 tengu reavers
  17 sphinxes
  8 draconian monks (Depths:4)
  5 storm dragons
  7 revenants
  Kirke (Lair:5)
  6 nagarajas
  22 fire giants
  3 fenstrider witches
  17 frost giants
  A draconian scorcher (Depths:4)
  4 deep elf sorcerers
  23 vault wardens
  A ghost moth (Crypt:3)
  16 ghouls
  A balrug (Depths:2)
  Aizul (Snake:2)
  A caustic shrike zombie (Depths:2)
  A spriggan defender (Depths:3)
  23 ironbound preservers
  2 curse skulls (Crypt:1)
  Louise (Snake:1)
  5 iron dragons
  The ghost of Ysuot the Spear-Bearer, a journeyman OpWn of Okawaru (Swamp:1)
  4 deep elf elementalists (Elf:3)
  An angel (Abyss:4)
  A juggernaut zombie (Crypt:3)
  An ophan (Abyss:3)
  A draconian annihilator (Depths:4)
  23 stone giants
  A caustic shrike skeleton (Abyss:4)
  2 reapers
  11 vampire knights
  6 war gargoyles
  18 very ugly things
  3 orc warlords
  A juggernaut skeleton (Depths:1)
  7 ironbound thunderhulks
  8 deep elf demonologists
  6 white draconians
  4 eleionomae
  13 dire elephants
  A lorocyproca (Abyss:4)
  8 purple draconians
  5 deep elf annihilators
  9 green draconians
  A minotaur (shapeshifter) (Elf:1)
  7 spark wasps
  3 black draconians (Depths:4)
  9 bunyips
  3 yellow draconians (Crypt:2)
  A green death (Abyss:4)
  A crystal guardian (Vaults:4)
  5 red draconians (Depths:4)
  An acid blob zombie (Crypt:1)
  14 ettins
  15 jiangshi
  9 deep elf death magi
  11 eidola
  A spectral iron giant (Crypt:3)
  3 spectral quicksilver dragons (Crypt:3)
  4 entropy weavers
  17 fire dragons
  2 shambling mangroves
  Josephine (D:10)
  3 mummy priests (Tomb:1)
  13 yaktaur captains
  6 great orbs of eyes
  8 deep elf high priests
  3 salamander tyrants (Snake:4)
  A spectral spriggan (Crypt:3)
  3 peacekeepers
  A quicksilver dragon skeleton (Crypt:3)
  An ice dragon (shapeshifter) (Vaults:5)
  8 rakshasas
  9 ironbound frosthearts
  30 vault guards
  A juggernaut simulacrum (Crypt:3)
  18 hydras
  12 anacondas
  4 boulder beetles
  3 ogre magi
  2 ghost crabs (Swamp:1)
  9 ice dragons
  8 death knights
  3 spriggan air magi
  A catoblepas (D:14)
  10 centaur warriors
  31 dancing weapons
  7 alligators
  10 naga warriors
  4 death yaks (Lair:2)
  13 deep troll shamans
  11 death scarabs (Tomb:1)
  11 deep troll earth magi
  4 tengu warriors
  9 vampire magi
  14 two-headed ogres
  21 thrashing horrors
  2 spectral dire elephants (Crypt:3)
  12 naga sharpshooters
  3 sun demons (Depths:1)
  A spectral storm dragon (Crypt:3)
  4 orc high priests
  25 hell knights
  9 shock serpents
  An emperor scorpion zombie (Crypt:2)
  10 soul eaters
  4 spriggan berserkers
  A titan skeleton (Crypt:1)
  11 shadow wraiths
  14 iron trolls
  19 deep elf knights
  3 skysharks
  2 spectral bunyips (Crypt:3)
  7 spriggan druids
  3 death drakes (Depths:4)
  7 glowing orange brains
  8 goliath frogs
  2 salamander mystics
  An orb spider (shapeshifter) (Depths:2)
  4 storm dragon skeletons
  A sixfirhy (Abyss:1)
  An orb spider (Abyss:4)
  12 skeletal warriors
  12 wretched stars
  24 large abominations
  12 flayed ghosts
  8 bog bodies
  A bunyip zombie (Swamp:1)
  58 deep trolls
  4 harpies
  A spriggan simulacrum (Depths:1)
  2 orange crystal statues (Depths:1)
  5 naga ritualists
  15 wizards
  34 starcursed masses
  2 obsidian statues (Depths:1)
  21 ironbound convokers
  13 necromancers
  15 lindwurms
  11 swamp dragons
  10 deep elf archers
  20 phantasmal warriors
  An oklob plant (Lair:4)
  7 mana vipers
  28 deep elf zephyrmancers
  32 deep elf pyromancers
  6 orc knights
  60 ugly things
  A wolf spider (D:15)
  2 orc sorcerers
  4 cyclopes
  3 stone giant zombies
  A spectral ettin (Crypt:3)
  11 salamanders
  A shining eye (Abyss:4)
  A cyclops (shapeshifter) (Elf:1)
  5 manticores
  6 will-o-the-wisps
  40 black mambas
  8 guardian serpents
  4 worldbinders
  2 ice statues (IceCv)
  3 apocalypse crabs
  An iron dragon skeleton (Depths:1)
  A frost giant skeleton (Crypt:2)
  17 naga magi
  A demonic crawler (Abyss:4)
  23 vault sentinels
  A spectral centaur (Crypt:3)
  14 smoke demons
  A shock serpent skeleton (Crypt:2)
  7 elephants
  5 torpor snails (Lair:5)
  An eye of devastation (Abyss:3)
  6 gargoyles
  5 cane toads
  4 orange demons
  2 spriggan zombies
  A centaur skeleton (Abyss:3)
  3 kobold demonologists
  A komodo dragon (shapeshifter) (Abyss:3)
  5 rime drakes (Lair:2)
  4 efreet
  A tormentor (Abyss:4)
  22 freezing wraiths
  4 spectral nagas (Crypt:3)
  An unseen horror (Abyss:4)
  33 yaktaurs
  An iron giant simulacrum (Abyss:3)
  Psyche (D:10)
  A rime drake (shapeshifter) (D:14)
  10 komodo dragons
  4 tengu conjurers
  A hydra zombie (Swamp:1)
  5 ancient zymes
  15 guardian mummies
  A human skeleton (Vaults:3)
  2 hellwings
  3 spectral harpies (Crypt:3)
  A yellow draconian skeleton (Crypt:1)
  A red devil (Depths:1)
  A troll (shapeshifter) (D:13)
  A polar bear (shapeshifter) (Vaults:3)
  2 polar bears
  8 trolls
  3 bloated husks
  A grey draconian skeleton (Crypt:1)
  An iron troll skeleton (Crypt:2)
  A jumping spider zombie (Crypt:3)
  A meliai (shapeshifter) (Elf:1)
  9 tyrant leeches
  22 hornets
  3 alligator zombies
  20 raiju
  33 blink frogs
  A dream sheep (shapeshifter) (Abyss:3)
  An ettin zombie (Crypt:3)
  6 flying skulls
  20 shadows
  34 slime creatures
  A centaur simulacrum (Crypt:3)
  17 spriggans
  3 air elementals
  2 dire elephant simulacra
  A yak (shapeshifter) (D:15)
  2 fire bats (Abyss:4)
  8 water elementals
  17 wraiths
  8 ynoxinuls
  3 ushabtiu (Tomb:1)
  30 yaks
  3 fire elementals
  A hog (Lair:5)
  5 redbacks
  2 spriggans (shapeshifter)
  7 wyverns
  Grum (D:10)
  2 vampires
  2 golden eyes (Abyss:4)
  6 basilisks
  3 humans (Lair:5)
  A black mamba skeleton (Crypt:2)
  11 neqoxecs
  5 steam dragons
  12 vampire mosquitoes
  5 chaos spawn
  A death yak simulacrum (IceCv)
  A harpy simulacrum (Crypt:3)
  A demonspawn zombie (Crypt:1)
  A spatial vortex (Abyss:4)
  A deep troll zombie (Crypt:3)
  4 acid dragons
  3 wargs (Orc:1)
  8 swamp worms
  32 nagas
  A hydra simulacrum (Swamp:1)
  2 glowing shapeshifter skeletons
  2 floating eyes
  17 water moccasins
  4 swamp drakes (Swamp:4)
  An ice beast (D:6)
  32 orc warriors
  2 sky beasts
  2 swamp dragon zombies (Swamp:1)
  4 black bears
  10 ogres
  A boggart (D:14)
  5 centaurs
  22 wolves
  2 phantoms
  A blink frog skeleton (Crypt:2)
  3 kobold brigands
  Blork the orc (D:5)
  9 bullfrogs
  A human zombie (Vaults:3)
  2 gnoll sergeants
  9 scorpions
  A cyclops zombie (Crypt:2)
  6 earth elementals
  11 necrophages
  15 wights
  An elephant simulacrum (IceCv)
  7 killer bees
  4 howler monkeys
  9 electric eels
  A lava snake (Swamp:4)
  25 small abominations
  5 jellies
  A quasit (Abyss:3)
  3 hounds
  2 gnoll boudas
  An iron imp (Abyss:4)
  9 orc priests
  Jessica (D:2)
  2 sleepcaps
  4 iguanas
  10 orc wizards
  A boggart zombie (Crypt:3)
  A deep dwarf zombie (Crypt:2)
  A hound skeleton (Crypt:1)
  13 mummies
  14 gnolls
  6 adders
  5 white imps
  8 ufetubi
  2 worms
  61 orcs
  5 bats
  7 endoplasms
  3 giant cockroaches
  7 goblins
  4 hobgoblins (D:2)
  3 jackals (D:3)
  2 quokkas
  8 ball pythons
  5 frilled lizards
  A frilled lizard skeleton (Crypt:2)
  A goblin skeleton (Crypt:3)
  9 kobolds
  4 rats
  A rat skeleton (Crypt:3)
  4 lurking horrors
  5 starspawn tentacles
2485 creatures vanquished.

Vanquished Creatures (others)
  A royal mummy (Tomb:1)
  A titan (Crypt:3)
  A revenant (Tomb:1)
  2 bennus (Tomb:1)
  A mummy priest (Tomb:1)
  An ice dragon (Depths:3)
  5 death scarabs (Tomb:1)
  A soul eater (Crypt:1)
  A lindwurm (Swamp:4)
  A deep troll (Vaults:5)
  A wizard (Vaults:4)
  A deep elf zephyrmancer (Crypt:2)
  2 deep elf pyromancers
  A will-o-the-wisp (Abyss:3)
  2 bloated husks (Swamp:1)
  A hornet (Swamp:2)
  An ushabti (Tomb:1)
  An air elemental (Elf:2)
  A steam dragon (Swamp:4)
  4 golden eyes (Abyss:4)
  A swamp worm (Swamp:4)
  6 swamp drakes (Swamp:4)
  A small abomination (Abyss:4)
  2 mummies (Tomb:1)
  26 foxfires
  A lurking horror (Abyss:4)
  18 starspawn tentacles
85 creatures vanquished.

Grand Total: 2570 creatures vanquished

Notes
Turn   | Place    | Note
-------+----------+-------------------------------------------
     0 | D:1      | zacktheperson the Formicid Hunter began the quest for the
                  | Orb.
     0 | D:1      | Reached XP level 1. HP: 16/16 MP: 1/1
   272 | D:1      | Reached XP level 2. HP: 23/23 MP: 2/2
   784 | D:2      | Reached XP level 3. HP: 28/28 MP: 3/3
   920 | D:2      | Noticed Jessica
   936 | D:2      | Killed Jessica
   937 | D:2      | Reached XP level 4. HP: 15/34 MP: 4/4
  1371 | D:3      | Reached XP level 5. HP: 41/41 MP: 5/5
  1595 | D:3      | Noticed a phantom
  1609 | D:3      | Killed a phantom
  1610 | D:3      | Reached skill level 5 in Ranged Weapons
  1610 | D:3      | Reached XP level 6. HP: 27/47 MP: 6/6
  1850 | D:3      | Identified the +4 ring mail of Apathy {rF+}
  2122 | D:4      | Found Koil's Weapon Emporium.
  2299 | D:4      | Found a staircase to the Ecumenical Temple.
  2309 | Temple   | Entered the Ecumenical Temple
  2465 | Temple   | Became a worshipper of Warmaster Okawaru
  2493 | D:4      | Identified the +1 hand axe of the Shrike {holy, Str+7}
  2498 | D:4      | Reached skill level 1 in Armour
  2581 | D:4      | Reached XP level 7. HP: 50/54 MP: 7/7
  2788 | D:5      | Entered Level 5 of the Dungeon
  2827 | D:5      | Reached skill level 6 in Ranged Weapons
  3010 | D:5      | Reached * piety under Okawaru
  3497 | D:5      | Noticed Blork the orc
  3518 | D:5      | Reached XP level 8. HP: 31/61 MP: 8/8
  3520 | D:5      | You fall into a shaft and drop 1 floor!
  3886 | D:6      | You fall into a shaft and drop 1 floor!
  4043 | D:5      | Killed Blork the orc
  4044 | D:5      | Reached skill level 5 in Fighting
  4044 | D:5      | Reached skill level 7 in Ranged Weapons
  4211 | D:6      | Found Aduipri's Antique Weapon Boutique.
  4284 | D:6      | Found a stormy altar of Qazlal.
  4346 | D:6      | Reached ** piety under Okawaru
  4647 | D:6      | Reached XP level 9. HP: 62/68 MP: 9/9
  4702 | D:6      | Bought a bloodstained shortbow for 224 gold pieces
  4702 | D:6      | Identified the +0 shortbow of Divine Defiance {drain, *Slow
                  | rN+++ rCorr Int-2} (You bought it in a shop on level 6 of
                  | the Dungeon)
  5111 | D:7      | Reached skill level 8 in Ranged Weapons
  5193 | D:7      | Reached skill level 5 in Dodging
  5217 | D:7      | Reached *** piety under Okawaru
  5485 | D:7      | Reached skill level 5 in Armour
  5503 | D:7      | Noticed a cyclops
  5512 | D:7      | Found Ebrucada's Jewellery Boutique.
  5524 | D:7      | Killed a cyclops
  5525 | D:7      | Reached skill level 9 in Ranged Weapons
  5525 | D:7      | Reached XP level 10. HP: 48/77 MP: 10/10
  5702 | D:7      | Identified the staff of conjuration "Gilaj" {rPois}
  6062 | D:7      | Received a gift from Okawaru
  6633 | D:8      | Found a staircase to the Lair.
  7029 | D:8      | Reached skill level 10 in Ranged Weapons
  7058 | D:8      | Reached **** piety under Okawaru
  7108 | D:8      | Reached skill level 1 in Invocations
  7647 | D:9      | Found Erener's Magic Scroll Emporium.
  7661 | D:9      | Found Luf Ysch's Magic Scroll Boutique.
  7681 | D:9      | Bought a scroll of identify for 24 gold pieces
  7681 | D:9      | Bought a scroll of identify for 24 gold pieces
  7737 | D:9      | Bought a scroll of enchant armour for 90 gold pieces
  7814 | D:9      | Bought a scroll of fear for 44 gold pieces
  8019 | D:9      | Found Jaats's Antique Armour Emporium.
  8236 | D:10     | Entered Level 10 of the Dungeon
  8291 | D:10     | Reached ***** piety under Okawaru
  8291 | D:10     | Received a gift from Okawaru
  8303 | D:10     | Reached XP level 11. HP: 81/86 MP: 11/13
  8337 | D:10     | Found a bloodstained altar of Trog.
  8726 | D:9      | Reached skill level 11 in Ranged Weapons
  8726 | D:9      | Reached skill level 1 in Shields
  9273 | D:10     | Noticed Psyche
  9278 | D:10     | Killed Psyche
  9313 | D:10     | Noticed Josephine
  9336 | D:10     | Killed Josephine
  9381 | D:10     | Noticed Grum
  9398 | D:10     | Killed Grum
  9462 | D:10     | Received a gift from Okawaru
 10026 | D:11     | Noticed a boulder beetle
 10059 | D:11     | Killed a boulder beetle
 10197 | D:11     | Noticed a boulder beetle
 10321 | D:11     | Reached skill level 5 in Shields
 10406 | D:11     | Found a shimmering altar of Xom.
 10469 | D:11     | Killed a boulder beetle
 10470 | D:11     | Reached skill level 5 in Invocations
 10959 | D:11     | Reached XP level 12. HP: 74/87 MP: 15/15
 11140 | D:12     | Found a staircase to the Orcish Mines.
 11367 | D:12     | Noticed a boulder beetle
 11593 | D:12     | Reached skill level 12 in Ranged Weapons
 12213 | D:12     | Killed a boulder beetle
 12213 | D:12     | Received a gift from Okawaru
 12268 | D:12     | Noticed a two-headed ogre
 12290 | D:12     | Killed a two-headed ogre
 12363 | D:12     | Noticed a two-headed ogre
 12363 | D:12     | Noticed a two-headed ogre
 12501 | D:12     | Killed a two-headed ogre
 12501 | D:12     | Reached ****** piety under Okawaru
 12505 | D:12     | Killed a two-headed ogre
 12596 | D:12     | Noticed a sixfirhy
 12872 | D:12     | Noticed a two-headed ogre
 12926 | D:12     | Reached XP level 13. HP: 84/103 MP: 16/16
 12936 | D:12     | Reached skill level 10 in Fighting
 12936 | D:12     | Reached skill level 13 in Ranged Weapons
 13070 | D:12     | Received a gift from Okawaru
 13804 | Lair:1   | Entered Level 1 of the Lair of Beasts
 13875 | Lair:1   | Reached skill level 10 in Shields
 14620 | D:13     | Noticed a centaur warrior
 14625 | D:13     | Killed a centaur warrior
 14931 | D:13     | Noticed a centaur warrior
 14935 | D:13     | Killed a centaur warrior
 14978 | D:13     | Reached skill level 10 in Armour
 15282 | D:14     | Noticed a centaur warrior
 15311 | D:14     | Killed a centaur warrior
 15312 | D:14     | Reached skill level 14 in Ranged Weapons
 15690 | D:14     | Identified the +1 pair of gloves of the Turtle {rC++ rN+
                  | MP+9} (Okawaru gifted it to you on level 14 of the Dungeon)
 15690 | D:14     | Received a gift from Okawaru
 15782 | D:14     | Noticed a centaur warrior
 15789 | D:14     | Killed a centaur warrior
 15813 | D:14     | Reached XP level 14. HP: 111/113 MP: 17/17
 16313 | D:14     | Reached skill level 15 in Ranged Weapons
 16416 | D:14     | Found a gate to the Vaults.
 16618 | D:14     | Identified the ring "Tabboany" {rElec rCorr Str+3 Dex+3
                  | Stlth-}
 16885 | D:14     | Identified the +0 pair of gloves "Ticrazas" {Int+3}
                  | (Okawaru gifted it to you on level 14 of the Dungeon)
 16885 | D:14     | Received a gift from Okawaru
 18003 | Lair:2   | Found a staircase to the Swamp.
 18148 | Lair:2   | Reached XP level 15. HP: 120/120 MP: 18/18
 18842 | Lair:2   | Reached skill level 16 in Ranged Weapons
 19117 | Lair:3   | Identified the +0 cloak of the Shining Light {Dex+3}
                  | (Okawaru gifted it to you on level 3 of the Lair of Beasts)
 19117 | Lair:3   | Received a gift from Okawaru
 20344 | Lair:4   | Found a staircase to the Slime Pits.
 20345 | Lair:4   | Found a viscous altar of Jiyva.
 20615 | Lair:4   | Identified the +1 battleaxe of Fortitude {heavy, +Blink}
 21165 | Lair:5   | Entered Level 5 of the Lair of Beasts
 21361 | Lair:5   | Noticed Kirke
 21362 | Lair:5   | Received a gift from Okawaru
 21363 | Lair:5   | Reached skill level 5 in Stealth
 21366 | Lair:5   | Killed Kirke
 21368 | Lair:5   | Reached XP level 16. HP: 130/130 MP: 19/19
 22007 | Lair:5   | Found a runed translucent door.
 22179 | Lair:5   | Reached skill level 17 in Ranged Weapons
 22646 | Orc:1    | Entered Level 1 of the Orcish Mines
 22682 | Orc:1    | Found a transporter.
 22698 | Orc:1    | Found a transporter.
 22705 | Orc:1    | Found a frozen archway.
 22741 | IceCv    | Entered an ice cave
 22758 | IceCv    | Found a transporter.
 22765 | IceCv    | Found a transporter.
 22788 | IceCv    | Reached skill level 15 in Shields
 22799 | IceCv    | Identified the ring "Fudwasau" {Drain rElec Will- rCorr
                  | AC+4}
 22908 | IceCv    | Identified a scroll of acquirement
 23262 | Orc:1    | You fall into a shaft and drop 1 floor!
 23262 | Orc:2    | Entered Level 2 of the Orcish Mines
 23262 | Orc:2    | Found Cuom's Book Boutique.
 23385 | Orc:2    | Found Renulad's Jewellery Boutique.
 23456 | Orc:2    | Found Nuexzale's Antique Weapon Shop.
 23500 | Orc:2    | Found Yceca's General Store.
 23571 | Orc:2    | Received a gift from Okawaru
 23702 | Orc:2    | Found Gilarydy's Antique Armour Emporium.
 23714 | Orc:2    | Bought a pair of glowing boots for 142 gold pieces
 23927 | Orc:2    | Found a staircase to the Elven Halls.
 24002 | Orc:2    | Bought a pitted leather armour for 133 gold pieces
 24002 | Orc:2    | Identified the +0 leather armour of Imperfection {rElec
                  | rCorr Int-4 Stlth-} (You bought it in a shop on level 2 of
                  | the Orcish Mines)
 24131 | D:9      | Bought a scroll of identify for 22 gold pieces
 24133 | D:9      | Acquired 677 gold pieces
 24333 | D:15     | Entered Level 15 of the Dungeon
 24369 | D:15     | Found Vawuits's Armour Shoppe.
 24750 | D:15     | Found a staircase to the Depths.
 24813 | D:15     | Identified the +2 falchion "Raehetez" {flame, rF+ Stlth+}
 24924 | D:15     | Identified the +5 tower shield of Winter {rF+ rN+} (Okawaru
                  | gifted it to you on level 15 of the Dungeon)
 24924 | D:15     | Received a gift from Okawaru
 25813 | Lair:3   | Found a staircase to the Snake Pit.
 25904 | Swamp:1  | Entered Level 1 of the Swamp
 25983 | Swamp:1  | Reached XP level 17. HP: 116/138 MP: 20/20
 26287 | Swamp:1  | Reached skill level 18 in Ranged Weapons
 26352 | Swamp:1  | Found a runed translucent door.
 26352 | Swamp:1  | Identified the +1 spear "Giant's Foe" {drain, +Blink}
 26354 | Swamp:1  | Noticed Ysuot's ghost (journeyman OpWn)
 26384 | Swamp:1  | HP: 6/138 [poison]
 26390 | Swamp:1  | You fall into a shaft and drop 1 floor!
 26714 | Swamp:1  | Killed Ysuot's ghost
 27257 | Swamp:2  | Received a gift from Okawaru
 27352 | Swamp:2  | HP: 4/140 [tyrant leech (19)]
 27789 | Swamp:2  | Identified the +0 pair of boots of Indecent Exposure
                  | {*Corrode Fly Dex+4}
 28574 | Orc:2    | Bought a ring of poison resistance for 280 gold pieces
 28859 | Swamp:3  | Received a gift from Okawaru
 30370 | Swamp:4  | Entered Level 4 of the Swamp
 30382 | Swamp:4  | Noticed a thorn hunter
 30386 | Swamp:4  | Killed a thorn hunter
 30452 | Swamp:4  | Reached XP level 18. HP: 36/147 MP: 22/22
 30829 | Arena    | Entered the Arena
 31475 | Swamp:4  | Got a decaying rune of Zot
 31907 | Elf:1    | Entered Level 1 of the Elven Halls
 32036 | Elf:1    | Noticed Nikola
 32051 | Elf:1    | Killed Nikola
 32052 | Elf:1    | Reached skill level 15 in Fighting
 32389 | Elf:1    | Identified the +12 triple crossbow of Arrival {antimagic,
                  | Int+4 Stlth+} (Okawaru gifted it to you on level 1 of the
                  | Elven Halls)
 32389 | Elf:1    | Received a gift from Okawaru
 32673 | Elf:1    | Found Xig Ima's Magic Scroll Boutique.
 32888 | Elf:1    | Reached skill level 19 in Ranged Weapons
 32928 | Elf:1    | Got Cungigro's Secrets of Damage
 33236 | Elf:2    | Reached skill level 10 in Stealth
 33320 | Elf:2    | Reached skill level 15 in Armour
 33320 | Elf:2    | Reached XP level 19. HP: 155/155 MP: 11/25
 33337 | Elf:2    | Identified the +2 cloak of the King {Int+3} (Okawaru gifted
                  | it to you on level 2 of the Elven Halls)
 33337 | Elf:2    | Received a gift from Okawaru
 33624 | Elf:2    | Found a runed translucent gate.
 33624 | Elf:2    | Found a runed translucent gate.
 33624 | Elf:2    | Found a runed translucent gate.
 34133 | Elf:3    | Entered Level 3 of the Elven Halls
 34816 | Elf:3    | Found Jifidont's Antique Armour Boutique.
 34963 | Elf:3    | Found Opud Loi's Assorted Antiques.
 35310 | Elf:3    | Noticed a deep elf blademaster
 35320 | Elf:3    | Identified the +0 robe of Kufipsap {MP+9}
 35661 | Elf:3    | Identified the ring of Hehigh {Int+6 SInv}
 35722 | Elf:3    | Received a gift from Okawaru
 35821 | Elf:3    | Killed a deep elf blademaster
 35950 | Elf:3    | Identified the +9 dagger of Zach {freeze, rN++}
 36573 | Snake:1  | Entered Level 1 of the Snake Pit
 36940 | Snake:1  | Reached XP level 20. HP: 148/164 MP: 11/26
 36985 | Snake:1  | Found Xeddev's Magic Scroll Boutique.
 36992 | Snake:1  | Found Foitutol's General Store.
 37117 | Snake:1  | Noticed Louise
 37124 | Snake:1  | Killed Louise
 37497 | Snake:2  | Reached skill level 20 in Ranged Weapons
 37869 | Snake:2  | Noticed Aizul
 37880 | Snake:2  | Killed Aizul
 38112 | Snake:2  | Acquired 987 gold pieces
 38964 | Snake:3  | Received a gift from Okawaru
 39873 | Elf:3    | Bought a warped cloak for 332 gold pieces
 39873 | Elf:3    | Identified the +0 cloak of the Ethereal God {Rampage rPois
                  | Str+3 Int+2} (You bought it in a shop on level 3 of the
                  | Elven Halls)
 39873 | Elf:3    | Bought an ichor-stained cloak for 332 gold pieces
 39873 | Elf:3    | Identified the +1 cloak of Daffodils {*Corrode rElec Dex+2}
                  | (You bought it in a shop on level 3 of the Elven Halls)
 40055 | Elf:3    | Identified the amulet of Qiuhutyt {Faith rElec}
 40056 | Elf:3    | Identified the +9 morningstar of Evolution {heavy, rN+}
 40062 | Elf:3    | Reached skill level 10 in Dodging
 40112 | Elf:3    | Noticed an Ice Fiend
 40719 | Elf:3    | Identified the staff of air "Hiagunlit" {rElec Dex+3}
 40742 | Elf:3    | Got Liklem's Vellum of Contamination and the Comitatus
 41345 | Snake:4  | Entered Level 4 of the Snake Pit
 41752 | Snake:4  | Found Roqierun's Distillery.
 41754 | Snake:4  | Found Sima's General Store.
 41757 | Snake:4  | Found Husuug's Book Boutique.
 41761 | Snake:4  | Bought a potion of experience for 750 gold pieces
 41761 | Snake:4  | Bought a potion of heal wounds for 75 gold pieces
 42230 | Snake:4  | Reached XP level 21. HP: 172/172 MP: 12/27
 42811 | Snake:4  | Got a serpentine rune of Zot
 43398 | Vaults:1 | Entered Level 1 of the Vaults
 43652 | Vaults:1 | Received a gift from Okawaru
 43815 | Vaults:1 | Reached skill level 21 in Ranged Weapons
 43990 | Vaults:1 | Identified the +1 battleaxe of the Writhing Hawk {holy, rF+
                  | Str+2}
 44346 | Vaults:1 | Identified the +0 pair of boots of Okawaru, Destroying
                  | {+Blink rN+ Will+ Str-3} (Okawaru gifted it to you on level
                  | 1 of the Vaults)
 44346 | Vaults:1 | Received a gift from Okawaru
 45221 | Vaults:2 | Reached XP level 22. HP: 182/182 MP: 12/28
 45394 | Vaults:2 | Found a staircase to the Crypt.
 45394 | Vaults:2 | Found a basalt altar of Yredelemnul.
 45395 | Vaults:2 | Found an ancient bone altar of Kikubaaqudgha.
 45861 | Vaults:2 | Received a gift from Okawaru
 46889 | Lair:1   | Reached XP level 23. HP: 188/188 MP: 12/29
 47256 | Vaults:3 | Identified the +0 plate armour of the Realm of Zot {Rampage
                  | rC- Str+2 Stlth+}
 47639 | Vaults:3 | Reached skill level 22 in Ranged Weapons
 47708 | Vaults:3 | Found Vytuf's Distillery.
 47715 | Vaults:3 | Gained mutation: Your system is resistant to poisons.
                  | (rPois) [potion of mutation]
 47715 | Vaults:3 | Gained mutation: You passively map a small area around you.
                  | [potion of mutation]
 47745 | Vaults:3 | Identified the +8 chain mail "Ipnum" {Rampage rF+ SInv}
                  | (Okawaru gifted it to you on level 3 of the Vaults)
 47745 | Vaults:3 | Received a gift from Okawaru
 48957 | Vaults:4 | Found Cobboet's Distillery.
 48968 | Vaults:4 | Found Touw's Distillery.
 49124 | Vaults:4 | Reached skill level 15 in Stealth
 49144 | Vaults:4 | Identified the +6 demon whip "Trog's Brutal Revenge" {elec,
                  | Dex+4}
 49184 | Vaults:4 | Reached XP level 24. HP: 185/197 MP: 12/29
 49364 | Vaults:4 | Identified the +1 cloak of the Harp {+Blink} (Okawaru
                  | gifted it to you on level 4 of the Vaults)
 49364 | Vaults:4 | Received a gift from Okawaru
 51156 | Vaults:5 | Entered Level 5 of the Vaults
 51669 | Vaults:5 | Noticed a dread lich
 51685 | Vaults:4 | Killed a dread lich
 51878 | Vaults:5 | Found the +4 Cigotuvi's embrace {Corpsefed rMiasma Drain
                  | rN+}
 51938 | Vaults:5 | Identified the staff of poison "Faalyrepycw" {rPois rN+}
 52117 | Vaults:5 | Reached skill level 23 in Ranged Weapons
 52188 | Vaults:5 | Reached XP level 25. HP: 178/206 MP: 12/29
 52231 | Vaults:5 | Identified the +1 pair of boots "Lintiuc" {rN+ rCorr Dex+2}
                  | (Okawaru gifted it to you on level 5 of the Vaults)
 52231 | Vaults:5 | Received a gift from Okawaru
 52444 | Vaults:5 | Identified the +7 great sword of Joyful Slaughter {vamp,
                  | rN+ Will+ Int+4}
 52503 | Vaults:5 | Identified the +4 dagger of Ikkys {heavy, rElec Dex+6
                  | Stlth+}
 52721 | Vaults:5 | Identified the +0 whip of Trauma {holy, rC+ SInv Stlth+}
 52907 | Vaults:5 | Got the Exposition on the Topological Autopsy
 52924 | Vaults:5 | Got a silver rune of Zot
 53129 | Vaults:5 | Got Votwe's Everyday Spellweaving
 53130 | Vaults:5 | Identified the +2 flail of the Tomato {flame, Str-3 Dex+4}
 53148 | Vaults:5 | Identified the +1 ring mail "Hunet" {rElec rN++ MP-9
                  | Slay+3}
 53175 | Vaults:5 | Identified the ring of Neilie {rF+ Dex+6}
 53578 | Depths:1 | Entered Level 1 of the Depths
 53595 | Depths:1 | Noticed Asterion
 53700 | D:15     | Killed Asterion
 53992 | Depths:1 | Noticed a dread lich
 53992 | Depths:1 | Found the ring of the Mage {Wiz Archmagi}
 54025 | Depths:1 | Found a runed translucent door.
 54581 | Depths:1 | Found a gateway to Hell.
 54957 | Depths:1 | Identified the +4 tower shield of Ifyfriot {-Tele Rampage
                  | Str+9 Int+2} (Okawaru gifted it to you on level 1 of the
                  | Depths)
 54957 | Depths:1 | Received a gift from Okawaru
 54979 | Depths:1 | Found a one-way gate leading to the halls of Pandemonium.
 55048 | Depths:1 | Killed a dread lich
 55342 | Depths:2 | Reached skill level 24 in Ranged Weapons
 55365 | Depths:2 | Reached XP level 26. HP: 215/215 MP: 12/29
 55375 | Depths:2 | Upgraded the game from 0.30.1 to 0.30.1-1-g62c8e00024
 56156 | Depths:2 | Received a gift from Okawaru
 57139 | Depths:2 | Found a runed translucent gate.
 57139 | Depths:2 | Found a runed translucent gate.
 57139 | Depths:2 | Found a runed translucent gate.
 57139 | Depths:2 | Noticed polpettosauro's ghost (veteran GrEE)
 57142 | Depths:2 | Found a basalt altar of Yredelemnul.
 57284 | Depths:2 | Identified the -1 pair of boots of Patience {Rampage rN+++
                  | Str-2 Dex-4}
 57542 | Depths:2 | Killed polpettosauro's ghost
 57756 | Depths:3 | Found a runed translucent door.
 57868 | Depths:3 | Reached skill level 10 in Invocations
 57924 | Depths:3 | Found the +11 plutonium sword {Contam Stlth-}
 57968 | Depths:3 | Received a gift from Okawaru
 58083 | Depths:3 | Found a one-way gate to the infinite horrors of the Abyss.
 58154 | Depths:3 | Noticed a juggernaut
 58161 | Depths:3 | Killed a juggernaut
 58190 | Depths:3 | Reached XP level 27. HP: 107/224 MP: 13/30
 58898 | Depths:3 | Reached skill level 25 in Ranged Weapons
 59169 | Depths:3 | Identified the +9 spear of Immorality {freeze, *Rage rPois
                  | rF++ Stlth+}
 59256 | Depths:4 | Entered Level 4 of the Depths
 59428 | Depths:4 | Received a gift from Okawaru
 59469 | Depths:4 | Found a one-way gateway to a ziggurat.
 59549 | Depths:4 | Noticed a juggernaut
 59556 | Depths:4 | Killed a juggernaut
 60382 | Depths:4 | Identified the +8 whip "Towuwaeng" {freeze, rC+}
 60384 | Depths:4 | Found a gate to the Realm of Zot.
 60389 | Depths:4 | Received a gift from Okawaru
 60400 | Depths:4 | Got the Discourse on Changes
 60636 | Depths:4 | Found a white marble altar of Elyvilon.
 60734 | Depths:4 | Voluntarily entered the Abyss.
 60768 | Abyss:1  | Found a corrupted altar of Lugonu.
 60891 | Abyss:1  | Found a corrupted altar of Lugonu.
 61032 | Abyss:1  | Found a corrupted altar of Lugonu.
 61035 | Abyss:1  | Found a corrupted altar of Lugonu.
 61242 | Abyss:2  | Found an opulent altar of Gozag.
 61261 | Abyss:3  | Found a corrupted altar of Lugonu.
 61265 | Abyss:3  | Reached skill level 15 in Dodging
 61279 | Abyss:3  | Noticed a dread lich
 61291 | Abyss:3  | Killed a dread lich
 61294 | Abyss:3  | Gained mutation: Your body sometimes deteriorates upon
                  | taking damage. [a neqoxec]
 61539 | Abyss:3  | Lost mutation: You passively map a small area around you.
                  | [potion of mutation]
 61539 | Abyss:3  | Lost mutation: Your system is resistant to poisons. (rPois)
                  | [potion of mutation]
 61539 | Abyss:3  | Lost mutation: Your body sometimes deteriorates upon taking
                  | damage. [potion of mutation]
 61539 | Abyss:3  | Gained mutation: You have an increased reservoir of magic.
                  | (+10% MP) [potion of mutation]
 61539 | Abyss:3  | Gained mutation: Your muscles are strong. (Str +4, Int/Dex
                  | -1) [potion of mutation]
 61539 | Abyss:3  | Gained mutation: You possess an exceptional clarity of
                  | mind. [potion of mutation]
 61603 | Abyss:3  | Received a gift from Okawaru
 61879 | Abyss:3  | Reached skill level 26 in Ranged Weapons
 61928 | Abyss:3  | Found a corrupted altar of Lugonu.
 61986 | Abyss:3  | Found a corrupted altar of Lugonu.
 62299 | Abyss:4  | Found a corrupted altar of Lugonu.
 62414 | Depths:4 | Escaped the Abyss
 62730 | Depths:4 | Voluntarily entered the Abyss.
 63229 | Abyss:4  | Gained mutation: Your mind is acute. (Int +4, Str/Dex -1)
                  | [a neqoxec]
 63572 | Depths:4 | Escaped the Abyss
 64249 | Temple   | Fell from the grace of Okawaru
 64249 | Temple   | Became a worshipper of the Shining One
 64625 | Crypt:1  | Entered Level 1 of the Crypt
 64852 | Crypt:1  | Reached * piety under the Shining One
 64956 | Crypt:1  | Reached ** piety under the Shining One
 65085 | Crypt:1  | Reached *** piety under the Shining One
 65236 | Crypt:1  | Reached **** piety under the Shining One
 65313 | Crypt:1  | Reached ***** piety under the Shining One
 65483 | Crypt:1  | Found a runed translucent door.
 65483 | Crypt:1  | Noticed CrazyBamboolord's ghost (adept DsNe)
 65588 | Crypt:1  | Killed CrazyBamboolord's ghost
 65619 | Crypt:2  | Noticed a dread lich
 65692 | Crypt:2  | Reached ****** piety under the Shining One
 65804 | Crypt:2  | Killed a dread lich
 65825 | Crypt:2  | Reached skill level 27 in Ranged Weapons
 66777 | Crypt:3  | Entered Level 3 of the Crypt
 66799 | Crypt:3  | Noticed Bai Suzhen
 66803 | Crypt:3  | Killed Bai Suzhen
 67831 | Crypt:3  | Found a staircase to the Tomb.
 68082 | Crypt:3  | Identified the ring of Woarahay {Fly rC++ Str+3}
 68255 | Crypt:3  | Found the +5 scythe "Finisher" {speed, execute}
 68388 | Tomb:1   | Entered Level 1 of the Tomb of the Ancients
 69102 | Tomb:1   | Noticed a royal mummy
 69103 | Tomb:1   | Noticed a royal mummy
 69106 | Tomb:1   | Noticed a royal mummy
 69114 | Tomb:1   | HP: 5/233 [royal mummy/divine providence (13)]
 69114 | Tomb:1   | The Shining One protects you from harm!
 69114 | Tomb:1   | HP: 2/233 [emperor scorpion[a royal mummy] (3)]
 69118 | Tomb:1   | Killed a royal mummy
 69120 | Tomb:1   | HP: 10/233 [twister/vortex[a Zot trap] (20)]
 69120 | Tomb:1   | Noticed a royal mummy
 69120 | Tomb:1   | Noticed a royal mummy
 69124 | Tomb:1   | The Shining One protects you from harm!
 69130 | Tomb:1   | Killed a royal mummy
 69131 | Tomb:1   | Killed a royal mummy
 69133 | Tomb:1   | HP: 9/233 [emperor scorpion[a royal mummy] (10)]
 69133 | Tomb:1   | Killed from afar by a royal mummy

Illustrated notes

Levels and vault maps discovered:
D:1:      spicycebolla_arrival_ecumenical, layout_loops_ring
D:2:      layout_rooms, uniq_jessica
D:3:      layout_loops_cross, chequers_decorated_corner
D:4:      layout_cave_pools, minmay_temple_entry_statues_fountains,
          serial_shops, nicolae_shop_bloodbath_and_beyond
D:5:      kennysheep_six_static_rooms, layout_cave_pools, serial_column_ruins,
          column_ruins_columns_straight, column_ruins_open_small,
          column_ruins_grid_1, column_ruins_open_tiny, column_ruins_grid_1,
          uniq_blork_the_orc
D:6:      layout_cave_pods, old_standard_altar, serial_shops,
          nicolae_shop_statue_plus, kennysheep_decorative_pillar,
          minmay_misc_feat_five
D:7:      layout_basic, serial_glass, glass_columns_a, glass_columns_a,
          serial_shops, shop
D:8:      layout_rooms, lair_entry_dummy
D:9:      layout_basic, serial_shops, nicolae_shop_waterfront,
          nicolae_shop_stone, nicolae_shop_tiny_statue_garden
D:10:     layout_long_grid, mainiacjoe_overflow_surrounded_room, uniq_josephine,
          uniq_grum, uniq_psyche
D:11:     layout_basic, serial_glass, glass_columns_a, glass_columns_a,
          glass_columns_b, glass_columns_a, glass_columns_b, glass_columns_b,
          due_unseen_surprise, xom_redecorated
D:12:     cheibrodos_barr_body, layout_rooms, orc_0_dummy, special_room
          [special_room_orc]
D:13:     layout_loops_cross, serial_glass, glass_columns_b, glass_columns_a
D:14:     minmay_clustersquares, layout_loops_ring,
          lightli_vaults_fourway_checkpoint, roderic_roman_lattice
D:15:     hangedman_depths_entry_try_elsewhere_first, layout_gridville,
          serial_shops, shop_fountains, amethyst_killhole
Temple:   nicolae_temple_bog_church
Lair:1:   layout_loops_ring
Lair:2:   layout_loops_ring, minmay_swamp_entry_swarm,
          nicolae_lair_lakeside_cave
Lair:3:   nzn_winding_woodlands_cross [nzn_winding_woodlands_5x15_split_checker,
          nzn_winding_woodlands_5x15_parted, nzn_winding_woodlands_5x15_pool,
          nzn_winding_woodlands_5x15_jagged,
          nzn_winding_woodlands_15x15_five_gardens], layout_concentric_octagons,
          nicolae_snake_entry_squirm
Lair:4:   layout_regular_city, slime_entry_1
Lair:5:   wormcave, layout_regular_city, grunt_megastairs_5, uniq_kirke
Swamp:1:  layout_falls_marsh, ebering_ghost_funeral_grove,
          evilmike_swamp_ruin_house_6, nicolae_swamp_necromancer_hut
Swamp:2:  layout_basic_swamp, infiniplex_staircase_pool, swamp_pool4
Swamp:3:  layout_basic_swamp, nicolae_swamp_some_circles
Swamp:4:  swamp_fiery, layout_basic_swamp
Snake:1:  layout_onion, nicolae_snake_gridmaze_entwining, minmay_shoptagon,
          uniq_louise
Snake:2:  layout_gridlike, hangedman_snake_pattern, uniq_aizul
Snake:3:  layout_chambers
Snake:4:  grunt_snake_rune_serpentine_throne, layout_cave_town,
          lemuel_fruit_tree, minmay_shop_star
Orc:1:    gammafunk_beogh_shrine, layout_caves, portal_ice_cave_entry_pillars_1
Orc:2:    grunt_orc_gardens, layout_caves, grunt_orc_garden, grunt_orc_garden,
          grunt_orc_garden, grunt_orc_garden, serial_shops, shop
Elf:1:    kennysheep_blocky_room, layout_rooms, serial_shops, shop,
          minmay_elf_sorcery, minmay_misc_feat_ornament, uniq_nikola
Elf:2:    nicolae_elf_blades_splatter_lattice [nicolae_blade_bullseye],
          layout_geoelf_grid
Elf:3:    minmay_elf_hall_not_hex, layout_loops_corners, serial_shops,
          shop_fountains, nicolae_shop_crystal
Vaults:1: v_rooms_4, hangedman_vaults_cutoff, v_alt_pattern_2,
          nicolae_vaults_cornered_office, ontoclasm_vaults_pinch,
          nicolae_vaults_closet_pinwheel_4, nicolae_vaults_mush_room,
          nicolae_vaults_tetromino_Z_1, v_alt_pattern_4,
          ontoclasm_vaults_gateway, layout_vaults_omnigrid
Vaults:2: v_alt_pattern_3, nicolae_vaults_trapezoid_layered,
          grunt_vaults_twisty, nicolae_vaults_apartment_1,
          minmay_crypt_entry_necro_gods, nicolae_vaults_big_ls,
          grunt_vaults_trifunnel, nicolae_vaults_network_star,
          nicolae_vaults_variable_pillar_hall, nicolae_vaults_specimen_jars,
          nicolae_vaults_little_ls, vaults_room_ringed_pool,
          nicolae_vaults_sightless_eye, layout_vaults_omnibox
Vaults:3: nicolae_vaults_wrenched, nicolae_vaults_trapezoid_lopsided_4,
          nicolae_vaults_halls_meeting, nicolae_vaults_double_plus_3,
          nicolae_vaults_what_the_h, grunt_vaults_focal,
          nicolae_vaults_diamond_1, v_misc_29, vaults_mumra_minichess_inversion,
          nicolae_vaults_house_3, ontoclasm_vaults_tryst,
          nicolae_vaults_little_squares_1, v_misc_26,
          nicolae_vaults_yaktaur_gun_rack, nicolae_vaults_rhombus_7,
          layout_vaults_maze, serial_shops, shop
Vaults:4: hangedman_vaults_restitches, hangedman_vaults_corner_blocks,
          nicolae_vaults_closet_pinwheel_6, nicolae_vaults_storage_closets_2,
          nicolae_vaults_closet_pinwheel_4, nicolae_vaults_oval_intersection,
          nicolae_vaults_diamond_1, nicolae_vaults_little_squares_6,
          grunt_vaults_hallway_short, hangedman_vaults_trim,
          nicolae_vaults_apartment_2, nicolae_vaults_little_squares_2,
          dpeg_vaults_monster_box, layout_vaults_chaotic_city, serial_shops,
          shop, shop_fountains
Vaults:5: serial_shops
Crypt:1:  minmay_shadows, layout_chaotic_city, gammafunk_ghost_grave,
          grunt_ministairs_4, st_stairs_2
Crypt:2:  layout_misc_corridors, small_statue_intersection, grunt_ministairs_9,
          evilmike_ambush [evilmike_ambush_outer_pillars,
          evilmike_ambush_inner_basic], grunt_megastairs_3
Crypt:3:  due_elkab, layout_chaotic_city, nicolae_tomb_entry_grand_gallery,
          uniq_bai_suzhen
Tomb:1
Depths:1: layout_cave_shapes, grunt_pan_entry_in_and_out, hell_entry,
          minivault_15, hangedman_decor_points, minmay_guarded_unrand_mage,
          uniq_asterion
Depths:2: minmay_the_grid_octo_tiled_octocenter_mashed
          [minmay_the_grid_octo_toaster, minmay_the_grid_octo_focus,
          minmay_the_grid_octo_fat_diamond, minmay_the_grid_octo_odd_swirl,
          minmay_the_grid_octo_prize_ultimate_mussel_roller,
          minmay_the_grid_square_5x5_three_walls, minmay_the_grid_square_5x5_v,
          minmay_the_grid_square_5x5_tetrominoes,
          minmay_the_grid_square_5x5_inner_v], layout_basic, lightli_too_deep,
          pan_entry, chequers_serial_rivers_large_a,
          nicolae_yredelemnul_ghost_church, firewood_loft
Depths:3: minmay_four_inscribed_fans, layout_cave_shapes,
          infiniplex_staircase_trident, hell_entry, abyss_entry_crystal,
          kennysheep_treasure_room
Depths:4: lemuel_castle_with_subvaults [lemuel_castle_interior_carwin_3],
          layout_cave_pools, enter_ziggurat_b, hell_entry,
          marbit_kobold_abyss_entry, elyvilon_altar_1, serial_bayou_shore_b

Skill      XL: |  1  2  3  4  5  6  7  8  9 10 11 12 13 14 15 16 17 18 19 20 21 22 23 24 25 26 27 |
---------------+----------------------------------------------------------------------------------+-----
Dodging        | 2 3 4 5 6 7 8 9 10 11 12 13 14 17 | 17.0
Stealth        | 2 3 5 7 8 10 11 12 13 14 15 16 | 16.0
Fighting       | 3 4 5 6 8 9 11 12 13 14 15 16 17 18 19 20 22 | 22.6
Ranged Weapons | 5 6 7 9 10 11 12 14 15 16 17 18 19 20 21 22 23 24 27 | 27.0
Armour         | 1 2 4 5 6 8 9 10 11 12 13 14 15 16 17 18 19 22 | 22.3
Invocations    | 2 5 6 8 9 10 11 | 11.0
Shields        | 5 9 11 13 14 15 16 17 18 19 20 21 22 25 | 25.8

Action                     |  1- 3 |  4- 6 |  7- 9 | 10-12 | 13-15 | 16-18 | 19-21 | 22-24 | 25-27 || total
---------------------------+-------+-------+-------+-------+-------+-------+-------+-------+-------++-------
   Fire: Shortbow          |    46 |   116 |   295 |   837 |   664 |       |       |       |       ||  1958
         Hand crossbow     |       |       |       |       |   413 |  1033 |       |       |       ||  1446
         Triple crossbow   |       |       |       |       |       |   108 |   892 |   711 |  2752 ||  4463
         Longbow           |       |       |       |       |       |       |       |       |    32 ||    32
 Invoke: Heroism           |       |       |       |     2 |     1 |    10 |     2 |     6 |     6 ||    27
         Finesse           |       |       |       |     1 |       |     7 |     1 |     4 |     5 ||    18
         Duel              |       |       |       |       |       |     1 |       |       |       ||     1
         Cleansing Flame   |       |       |       |       |       |       |       |       |     2 ||     2
         Divine Shield     |       |       |       |       |       |       |       |       |     1 ||     1
Ability: Dig               |     2 |       |     1 |     2 |     1 |     3 |     1 |       |       ||    10
         Shaft Self        |       |       |     1 |       |       |     1 |       |       |       ||     2
    Use: Scroll            |       |       |       |    10 |     7 |    11 |     3 |       |       ||    31
         Potion            |       |       |       |       |       |     6 |       |     6 |    16 ||    28
 Armour: Leather armour    |     5 |     7 |       |       |       |       |       |       |       ||    12
         Ring mail         |       |     5 |    72 |    80 |   107 |    92 |       |       |       ||   356
         Swamp dragon scal |       |       |       |       |       |    40 |    42 |    18 |       ||   100
         Chain mail        |       |       |       |       |       |       |       |    69 |   201 ||   270
         Quicksilver drago |       |       |       |       |       |       |       |       |   113 ||   113
         Storm dragon scal |       |       |       |       |       |       |       |       |    69 ||    69
  Dodge: Dodged            |     9 |    44 |   139 |   221 |   175 |   257 |   113 |   178 |   900 ||  2036
  Block: Other             |       |       |       |    15 |       |       |       |       |       ||    15
         Reflection        |       |       |       |     4 |    36 |    37 |   108 |    45 |    50 ||   280
         Buckler           |       |       |       |   126 |    11 |       |       |       |       ||   137
         Kite shield       |       |       |       |       |   474 |   238 |       |       |       ||   712
         Tower shield      |       |       |       |       |       |   610 |   551 |   634 |  2435 ||  4230
